AoeStats
← Privilege

MegaRandom

509552172Analyzed
4v4 RM · 4d ago on Sep 27, 2026· 17m 58s· 8 players
Game mode
Random Map
Map size
Large (8 player)
Population
200
Speed
Normal
Resources
Standard
Victory
Conquest
Starting age
Dark Age
Ending age
Imperial Age
RankedLock teamsTeams togetherTeam positionsShared explorationLock speedFull tech treeHidden civsTurbo modeCheats
Victory
Defeat
🇺🇸 Koreans · United States
1810
+6
🇺🇸 Wei · United States
1563
+14
🇨🇦 Romans · Canada
1464
+17
🇺🇸 Shu · United States
1445
+18
🇨🇳 Gurjaras · China
1598
-17
🇨🇳 Huns · China
1598
-17
🇨🇳 Berbers · China
1473
-12
🇨🇳 Japanese · China
1389
-9
Privilege
10:04 Feudal Age
8:19 Loom
13:48 Bloodlines
20:14 Castle Age
SaKuRuaba Ema
2:47 Loom
12:33 Feudal Age
13:05 Town Watch
16:16 Castle Age
15:50 Double-Bit Axe
15:47 Fishing Lines
16:50 Fletching
爱炸房的鳄鱼
10:09 Feudal Age
14:04 Castle Age
14:13 Scale Barding Armor
14:04 Loom
14:16 Horse Collar
17:06 Light Cavalry
Rogue Knight
3:07 Loom
12:38 Feudal Age
17:02 Castle Age
16:03 Stone Mining
16:51 Double-Bit Axe
birdie196
2:55 Loom
12:11 Feudal Age
12:52 Man-at-Arms
17:38 Wheelbarrow
[GG] Trollermeister
2:24 Loom
11:48 Feudal Age
12:41 Double-Bit Axe
14:06 Fishing Lines
15:31 Town Watch
16:18 Fletching
Deaf Vader
9:36 Loom
11:58 Feudal Age
12:49 Town Watch
16:10 Castle Age
13:58 Double-Bit Axe
15:23 Fletching
16:58 Bodkin Arrow
17:17 Bow Saw
16:51 Horse Collar
Gleipnir
2:57 Loom
11:35 Feudal Age
15:40 Castle Age
15:42 Double-Bit Axe
Connection lost

Rejoining the realm…

Still unreachable

The connection could not be restored.

Session expired

The server has moved on; the page needs a fresh start.